AoeStats
← Cleopatra

Coastal Forest

510320774Analyzed
4v4 RM · 15h ago on Sep 30, 2026· 37m 32s· 8 players
Game mode
Random Map
Map size
Large (8 player)
Population
200
Speed
Normal
Resources
Standard
Victory
Conquest
Starting age
Dark Age
Ending age
Imperial Age
RankedLock teamsTeams togetherTeam positionsShared explorationLock speedFull tech treeHidden civsTurbo modeCheats
Victory
Defeat
🇦🇷 Berbers · Argentina
1278
+13
🇨🇳 Japanese · China
1273
+14
🇨🇳 Persians · China
1202
+17
🇨🇳 Mongols · China
1154
+19
🇪🇸 Mongols · Spain
1227
-16
🇷🇺 Poles · Russia
1218
-16
🇨🇳 Persians · China
1216
-16
🇨🇳 Danes · China
1213
-15
xpellicer1992
8:55 Feudal Age
7:23 Loom
16:52 Castle Age
15:35 Horse Collar
15:58 Double-Bit Axe
16:08 Gold Mining
17:21 Forging
18:01 Scale Mail Armor
20:04 Scale Barding Armor
22:39 Town Watch
23:16 Chain Barding Armor
23:11 Chain Mail Armor
31:15 Imperial Age
31:11 Town Patrol
31:47 Wheelbarrow
31:10 Murder Holes
31:22 Stone Mining
32:32 Iron Casting
32:52 Hand Cart
35:00 Ballistics
35:55 Padded Archer Armor
36:57 Blast Furnace
35:47 Fletching
36:28 Plate Mail Armor
35:54 Elite Steppe Lancer
Noroad
5:06 Loom
10:20 Feudal Age
10:57 Double-Bit Axe
11:25 Horse Collar
19:04 Wheelbarrow
20:59 Castle Age
20:52 Forging
22:02 Bloodlines
23:21 Iron Casting
23:01 Bow Saw
22:59 Husbandry
24:28 Scale Barding Armor
24:29 Light Cavalry
25:50 Chain Barding Armor
26:16 Stone Mining
32:09 Scale Mail Armor
apple11
0:29 Loom
11:22 Feudal Age
14:00 Double-Bit Axe
18:07 Horse Collar
22:45 Castle Age
20:45 Gold Mining
21:58 Stone Mining
22:43 Scale Barding Armor
22:49 Forging
24:39 Chain Barding Armor
25:13 Wheelbarrow
26:09 Town Watch
28:47 Bloodlines
30:40 Husbandry
34:36 Hand Cart
38:16 Imperial Age
36:37 Iron Casting
36:09 Town Patrol
Unlucky
6:37 Loom
10:52 Feudal Age
12:33 Horse Collar
15:22 Double-Bit Axe
19:46 Castle Age
17:59 Gold Mining
21:07 Wheelbarrow
20:51 Bow Saw
20:42 Heavy Plow
21:23 Bloodlines
21:13 Husbandry
21:59 Scale Barding Armor
25:41 Chain Barding Armor
27:18 Hand Cart
28:04 Forging
33:27 Imperial Age
32:01 Szlachta Privileges
32:00 Town Watch
33:38 Iron Casting
33:31 Cavalier
35:19 Blast Furnace
34:58 Conscription
35:21 Fletching
Cleopatra
6:29 Loom
10:09 Feudal Age
11:15 Horse Collar
11:34 Double-Bit Axe
21:25 Castle Age
19:58 Scale Barding Armor
25:27 Chain Barding Armor
25:18 Forging
wuming
7:50 Loom
11:28 Feudal Age
13:03 Double-Bit Axe
13:42 Gold Mining
16:07 Castle Age
14:13 Fishing Lines
15:04 Horse Collar
17:02 Forging
17:10 Bow Saw
17:36 Gillnets
19:01 Wheelbarrow
20:40 Gold Shaft Mining
23:08 Imperial Age
21:13 Stone Mining
22:00 Iron Casting
21:26 Scale Mail Armor
22:57 Hand Cart
26:54 Blast Furnace
26:10 Chain Mail Armor
27:08 Town Watch
27:38 Treadmill Crane
30:00 Conscription
29:04 Capped Ram
29:20 Elite Samurai
30:55 Caravan
31:11 Clinker Construction
38:00 Plate Mail Armor
苹果砸死牛顿
10:40 Feudal Age
14:28 Castle Age
12:56 Double-Bit Axe
12:53 Horse Collar
13:07 Horse Collar
16:09 Bow Saw
19:19 Loom
22:06 Wheelbarrow
22:37 Forging
24:08 Scale Barding Armor
24:19 Husbandry
25:03 Bloodlines
25:24 Gold Mining
25:40 Heavy Plow
28:04 Hand Cart
27:48 Town Watch
32:45 Imperial Age
30:17 Town Patrol
32:13 Gold Shaft Mining
31:31 Light Cavalry
32:46 Chain Barding Armor
33:03 Iron Casting
32:53 Heavy Camel Rider
34:45 Plate Barding Armor
34:40 Conscription
35:30 Guilds
35:50 Coinage
35:21 Caravan
36:47 Chemistry
37:55 Conscription
36:56 Elite War Elephant
38:04 Ballistics
38:22 Banking
_xy_2252
2:49 Loom
10:13 Feudal Age
11:48 Wheelbarrow
11:00 Double-Bit Axe
10:57 Horse Collar
17:38 Castle Age
16:56 Town Watch
18:33 Bow Saw
19:51 Hand Cart
22:55 Stone Mining
29:47 Gold Mining
34:43 Imperial Age
32:26 Padded Archer Armor
32:45 Fletching
33:34 Leather Archer Armor
33:41 Bodkin Arrow
36:26 Chemistry
36:16 Bracer
36:43 Parthian Tactics
36:24 Thumb Ring
36:35 Capped Ram
37:51 Ballistics
38:27 Conscription
Connection lost

Rejoining the realm…

Still unreachable

The connection could not be restored.

Session expired

The server has moved on; the page needs a fresh start.